 Dungeon Crawl Stone Soup version 0.24.0-35-gdb84b6a5db (webtiles) character file.

Game seed: 9675351184060668507, levelgen mode: deterministic

945 Curus the Cleaver (level 8, -1/57 HPs)
             Began as a Hill Orc Abyssal Knight on Nov 17, 2019.
             Was a Priest of Lugonu.
             Slain by an ice beast (11 damage)
             ... on level 5 of the Dungeon.
             The game lasted 00:23:56 (4013 turns).

Curus the Cleaver (Hill Orc Abyssal Knight)         Turns: 4013, Time: 00:23:57

Health: -1/57      AC: 13    Str: 12 (15) XL:     8   Next: 13%
Magic:  10/14      EV:  5    Int: 10 (12) God:    Lugonu [***...]
Gold:   452        SH:  0    Dex: 12      Spells: 7/7 levels left

rFire    . . .     SeeInvis +   j - +0 war axe
rCold    . . .     Gourm    .   (no shield)
rNeg     . . .     Faith    .   h - +0 chain mail
rPois    +         Spirit   .   o - +0 helmet
rElec    .         Reflect  .   l - +0 cloak (curse)
rCorr    .         Harm     .   q - +0 pair of gloves
MR       .....                  n - +0 pair of boots
Stlth    ..........             (no amulet)
HPRegen  0.19/turn              i - ring of see invisible
MPRegen  0.14/turn              (no ring)

@: no status effects
A: hooves 1, deterioration 1, frail 1, poison resistance
a: Depart the Abyss, Bend Space, Banish, Renounce Religion


You were on level 5 of the Dungeon.
You worshipped Lugonu.
Lugonu was most pleased with you.
You were hungry.

You visited 1 branch of the dungeon, and saw 5 of its levels.
You visited the Abyss 1 time.

You collected 452 gold pieces.

Inventory:

Hand Weapons
 a - a +1 hand axe
 j - a +0 war axe (weapon)
Armour
 b - a +0 leather armour
 d - a +1 scale mail
 f - a +2 cloak
 h - a +0 chain mail (worn)
 l - a cursed +0 cloak (worn)
 n - a +0 pair of boots (worn)
 o - a +0 helmet (worn)
 q - a +0 pair of gloves (worn)
Jewellery
 i - a ring of see invisible (left hand)
Wands
 e - a wand of polymorph (4)
 g - a wand of flame (9)
Scrolls
 m - a scroll of identify
Potions
 k - a potion of degeneration
Comestibles
 c - 7 rations


   Skills:
 - Level 3.6 Fighting
 * Level 9.1 Axes
 - Level 2.1 Armour
 - Level 0.7 Dodging
 + Level 8.4 Invocations


You had 7 spell levels left.
You didn't know any spells.
Your spell library was empty.

Dungeon Overview and Level Annotations

Branches:
Dungeon (5/15)             Temple (0/1) D:4

Altars:
Nemelex Xobeh
Okawaru
Yredelemnul
The Shining One


Innate Abilities, Weirdness & Mutations

You have large cloven feet.
Your body sometimes deteriorates upon taking damage.
You are frail. (-10% HP)
Your system is resistant to poisons. (rPois)


Message History

The ogre hits you with a +0 giant spiked club!!
* * * LOW HITPOINT WARNING * * *
Your body deteriorates!
You feel dopey.
Press: ? - help, Shift-Dir - straight line, f - ogre
Aim: an ogre, wielding a +0 giant spiked club (heavily wounded, chance to defeat MR: 85%)
The ogre is devoured by a tear in reality.
Lugonu claims a new guest.
You feel your intelligence returning.
Your Axes skill increases to level 9!
You are feeling hungry.
The orc hits you but does no damage.
You hit the orc but do no damage.
The orc is severely wounded.
The orc barely misses you.
Your chain mail prevents you from hitting the orc.
The orc is severely wounded.
You closely miss the ice beast. The ice beast hits you.
* * * LOW HITPOINT WARNING * * *
The ice beast freezes you!
You die...

.##)##..# ..#.....##..
..#.....+....
.###....##...
+###....##..# ##
........##..#####+##..##
........................
.................o......
................@Y§...#
######..##..###+####..#
..####..##..#
............#
............#
######..##..#
....##..##..######
....#............#
....#............#


You could see an ice beast and an orc.

Vanquished Creatures
  Sigmund (D:4)
  A centaur (D:5)
  An ogre (D:4)
  A scorpion (D:5)
  A crimson imp (D:5)
  2 howler monkeys
  2 orc priests
  An orc wizard (D:4)
  2 hounds (D:4)
  A worker ant (D:4)
  Robin (D:4)
  4 gnolls
  7 adders
  An ooze (D:1)
  An adder skeleton (D:4)
  2 dart slugs
  A leopard gecko (D:3)
  14 orcs
  4 giant cockroaches
  18 goblins
  9 hobgoblins
  3 jackals
  4 kobolds
  A ball python (D:3)
  4 bats
  2 frilled lizards
  13 rats
102 creatures vanquished.

Vanquished Creatures (others)
  An ogre (D:5)
1 creature vanquished.

Grand Total: 103 creatures vanquished

Notes
Turn   | Place    | Note
-------+----------+-------------------------------------------
     0 | Abyss:1  | Curus the Hill Orc Abyssal Knight began the quest for the
                  | Orb.
     0 | Abyss:1  | Reached XP level 1. HP: 19/19 MP: 2/2
    98 | Abyss:1  | Noticed a purple draconian
   103 | D:1      | Escaped the Abyss
   134 | D:1      | Reached skill level 3 in Axes
   207 | D:1      | Reached XP level 2. HP: 24/26 MP: 2/4
   237 | D:1      | Reached * piety under Lugonu
   354 | D:1      | Reached XP level 3. HP: 30/31 MP: 5/5
   646 | D:1      | Gained mutation: Your body sometimes deteriorates upon
                  | taking damage. [potion of mutation]
   646 | D:1      | Gained mutation: You are frail. (-10% HP) [potion of
                  | mutation]
   646 | D:1      | Gained mutation: Your system is resistant to poisons.
                  | (rPois) [potion of mutation]
   646 | D:1      | Gained mutation: You have large cloven feet. [potion of
                  | mutation]
   808 | D:2      | Reached skill level 4 in Axes
   841 | D:2      | Reached XP level 4. HP: 23/35 MP: 5/7
  1030 | D:2      | Reached skill level 5 in Axes
  1030 | D:2      | Reached XP level 5. HP: 8/40 MP: 8/8
  1341 | D:3      | Found a sparkling altar of Nemelex Xobeh.
  1362 | D:3      | Found an iron altar of Okawaru.
  1367 | D:3      | Reached skill level 5 in Invocations
  1648 | D:3      | Reached ** piety under Lugonu
  1778 | D:3      | Found a basalt altar of Yredelemnul.
  1787 | D:3      | Noticed a profane servitor
  2059 | D:3      | Found a glowing golden altar of the Shining One.
  2061 | D:3      | Noticed an angel
  2241 | D:4      | Noticed Robin
  2266 | D:4      | Killed Robin
  2294 | D:4      | Reached XP level 6. HP: 32/45 MP: 10/10
  2299 | D:4      | Reached skill level 6 in Axes
  2832 | D:4      | Noticed Sigmund
  2858 | D:4      | Killed Sigmund
  2901 | D:4      | Reached skill level 7 in Axes
  2901 | D:4      | Reached XP level 7. HP: 25/51 MP: 12/12
  3032 | D:4      | HP: 1/51 [orc warrior/+0 hand axe (8)]
  3388 | D:4      | Reached *** piety under Lugonu
  3713 | D:4      | Found a staircase to the Ecumenical Temple.
  3839 | D:5      | Entered Level 5 of the Dungeon
  3872 | D:5      | Reached skill level 8 in Axes
  3957 | D:5      | Reached XP level 8. HP: 39/57 MP: 14/14
  4011 | D:5      | Reached skill level 9 in Axes
  4013 | D:5      | Slain by an ice beast

Levels and vault maps discovered:
D:1:      minmay_arrival_four_circles, layout_basic,
          minmay_misc_feat_four_crosses
D:2:      layout_basic
D:3:      layout_basic, overflow_temple_1_default,
          nemelex_xobeh_ov_fountains_minmay, grunt_temple_overflow_holy_war,
          corexii_shack, kennysheep_generic_room_14
D:4:      minmay_polygon_palace, layout_basic, minmay_temple_entry_large_hall,
          minmay_misc_feat_doors, uniq_robin, uniq_sigmund
D:5:      layout_gridville, first_ration, lightli_sewer_entry_pipes,
          ebering_ghost_sewer_f

Skill      XL: |  1  2  3  4  5  6  7  8 |
---------------+-------------------------+-----
Axes           | 3 4 5 7 8 9 |  9.1
Invocations    | 3 4 5 7 8 |  8.4
Fighting       | |  3.6
Armour         | |  2.1
Dodging        | |  0.7

Action                   |  1- 3 |  4- 6 |  7- 9 || total
-------------------------+-------+-------+-------++-------
Melee: Hand axe          |    84 |    49 |       ||   133
       Kick              |     2 |    27 |       ||    29
       War axe           |       |   136 |   120 ||   256
Invok: Depart the Abyss  |     1 |       |       ||     1
       Bend Space        |       |       |     3 ||     3
       Banish            |       |       |     1 ||     1
Evoke: Wand              |       |     2 |     6 ||     8
  Use: Scroll            |     2 |     5 |       ||     7
       Potion            |     1 |     5 |       ||     6
  Eat: Chunk             |       |     7 |     3 ||    10
Armor: Scale mail        |    38 |    90 |    44 ||   172
       Leather armour    |     2 |       |       ||     2
       Chain mail        |       |       |    32 ||    32
Dodge: Dodged            |    33 |    70 |    61 ||   164
